 Dungeon Crawl Stone Soup version 0.32-a0-33-g74fbe469d6 (webtiles) character file.

Game seed: 11026343870713173844

370229 cforsyth the Cryomancer (level 23, -16/177 (186) HPs)
             Began as a Djinni Alchemist on Jan 20, 2024.
             Was the Champion of Nemelex Xobeh.
             Hit by a large rock thrown by a stone giant (44 damage)
             ... on level 5 of the Vaults.
             The game lasted 02:13:04 (48687 turns).

cforsyth the Cryomancer (Djinni Alchemist)         Turns: 48687, Time: 02:13:05

HP:   -16/177 (186) AC: 14    Str:  9    XL:     23   Next: 70%
Gold: 3422          EV: 22    Int: 42    God:    Nemelex Xobeh [******] SH: 11 Dex: 15

rFire   + + +        U - +4 scimitar "Qalibb" {heavy, ^Fragile rPois rC+++ Int-4}
rCold   + + .        G - +0 kite shield {reflect}
rNeg    . . .        I - +2 robe "Vapry" {rF++ Int+7}
rPois   ∞            j - +2 hat of Juown {Will+ Str-5 Int+6 Slay-4}
rElec   +            x - +1 cloak {rPois}
rCorr   .            M - +1 pair of gloves of Usmann {rElec}
SInv    .            (boots unavailable)
Will    +++..        D - amulet "Him Mao" {+Blink Regen+ Str+7}
Stlth   ++           n - +6 ring of intelligence
HPRegen 1.29/turn    Q - +4 ring of protection
MPRegen 0.00/turn

%: reflection, infuse magic (-17 HP)
@: flying, hasted, studying Ice Magic, lightly drained, very quick
A: sickness immunity, fire resistance 2, cold vulnerability 1, float, innate
caster, HP casting, extra vitality 1
}: 2/15 runes: decaying, serpentine
a: Renounce Religion, Evoke Blink, Draw Escape, Draw Destruction, Draw
Summoning, Draw Stack, Triple Draw, Deal Four, Stack Five


You were on level 5 of the Vaults.
You worshipped Nemelex Xobeh.
Nemelex Xobeh was exalted by your worship.
You visited 8 branches of the dungeon, and saw 39 of its levels.
You also visited: Sewer, Ice Cave and Volcano.

You collected 4462 gold pieces.
You spent 1040 gold pieces at shops.

Inventory:

Hand Weapons
 U - the +4 scimitar "Qalibb" (weapon) {heavy, ^Fragile rPois rC+++ Int-4}
   (You found it on level 4 of the Lair of Beasts)

   Int-4:     It affects your intelligence (-4).
   rC+++:     It renders you almost immune to cold.
   rPois:     It protects you from poison ^Fragile: It will be destroyed if
   unequipped.
 W - the +3 scimitar "Moupomaa" {drain, *Slow rElec Int+8}
   (You found it on level 10 of the Dungeon)

   Int+8:     It affects your intelligence (+8).
   rElec:     It insulates you from electricity.
   *Slow:     It may slow you when you take damage.
Armour
 j - the +2 hat of Juown (worn) {Will+ Str-5 Int+6 Slay-4}
   (You found it on level 2 of the Snake Pit)

   Str-5:     It affects your strength (-5).
   Int+6:     It affects your intelligence (+6).
   Slay-4:    It affects your accuracy & damage with ranged weapons and melee
   (-4).
   Will+:     It increases your willpower.
 k - a +0 kite shield of protection
 w - a +2 helmet of intelligence
 x - a +1 cloak of poison resistance (worn)
 G - a +0 kite shield of reflection (worn)
 H - a +2 kite shield of cold resistance
 I - the +2 robe "Vapry" (worn) {rF++ Int+7}
   (You found it on level 8 of the Dungeon)

   Int+7:     It affects your intelligence (+7).
   rF++:      It greatly protects you from fire.
 M - the +1 pair of gloves of Usmann (worn) {rElec}
   (You acquired it on level 12 of the Dungeon)

   rElec:     It insulates you from electricity.
Jewellery
 n - a +6 ring of intelligence (left hand)
 y - a ring of ice
 D - the amulet "Him Mao" (around neck) {+Blink Regen+ Str+7}
   (You acquired it on level 12 of the Dungeon)

   [amulet of regeneration]

   Str+7:     It affects your strength (+7).
   +Blink:    It lets you blink.
   Regen+:    It increases your rate of health regeneration.
 L - a ring of see invisible
 O - a +5 ring of evasion
 Q - a +4 ring of protection (right hand)
 Y - a ring of willpower
 Z - a ring of resist corrosion
Wands
 a - a wand of digging (7)
 v - a wand of charming (33)
 B - a wand of roots (43)
 J - a wand of flame (61)
 K - a wand of mindburst (21)
 P - a wand of light (14)
Scrolls
 b - 10 scrolls of teleportation
 c - 5 scrolls of enchant armour
 f - a scroll of revelation
 g - 7 scrolls of poison
 h - 3 scrolls of blinking
 t - 7 scrolls of fog
 u - 7 scrolls of vulnerability
 z - 3 scrolls of noise
 F - 4 scrolls of fear
 R - 4 scrolls of immolation
 T - a scroll of enchant weapon
 V - 3 scrolls of torment
 X - 2 scrolls of brand weapon
Potions
 d - 4 potions of berserk rage
 e - 9 potions of brilliance
 i - 3 potions of haste
 l - 11 potions of curing
 m - 3 potions of cancellation
 o - 5 potions of attraction
 p - 9 potions of invisibility
 q - 9 potions of might
 r - 2 potions of mutation
 s - 7 potions of resistance
 A - 5 potions of enlightenment
 C - 7 potions of heal wounds
 E - 4 potions of lignification
 S - 3 potions of ambrosia
Miscellaneous
 N - a lightning rod (4/4)


   Skills:
 + Level 22.2 Fighting
 + Level 21.2 Dodging
 - Level 3.6 Stealth
 - Level 10.0 Shields
 + Level 19.1 Spellcasting
 + Level 19.1 Conjurations
 + Level 19.1 Hexes
 + Level 19.1 Summonings
 + Level 19.1 Necromancy
 + Level 19.1 Translocations
 + Level 19.1 Fire Magic
 + Level 22.3 Ice Magic
 + Level 19.1 Air Magic
 + Level 19.1 Earth Magic
 + Level 19.1 Alchemy
 - Level 10.0 Invocations


You knew the following spells:

 Your Spells              Type           Power      Damage    Failure   Level
a - Sting                 Conj/Alch      100%       1d9       0%          1
b - Mercury Vapours       Alch/Air       100%       N/A       0%          2
c - Mephitic Cloud        Conj/Alch/Air  100%       N/A       0%          3
d - Olgreb's Toxic Radia  Alch           100%       N/A       0%          4
e - Sticky Flame          Fire/Alch      100%       2d15      0%          4
f - Freeze                Ice            100%       1d10      0%          1
g - Call Imp              Summ           100%       N/A       0%          2
h - Passwall              Erth           100%       N/A       0%          3
i - Fugue of the Fallen   Necr           100%       N/A       0%          3
j - Arcjolt               Conj/Air       58%        1d68      1%          5
k - Metabolic Englaciati  Hex/Ice        60%        N/A       0%          5
l - Plasma Beam           Fire/Air       58%        2x1d73    1%          6
m - Starburst             Conj/Fire      58%        6d15      1%          6
n - Eringya's Noxious Bo  Alch           58%        4d6       1%          6
o - Enfeeble              Hex            58%        N/A       1%          7
p - Monstrous Menagerie   Summ           58%        N/A       1%          7
Your spell library was empty.

Dungeon Overview and Level Annotations

Branches:
Dungeon (15/15)            Temple (1/1) D:4            Lair (5/5) D:8
  Swamp (4/4) Lair:3        Snake (4/4) Lair:2        Slime (0/5) Lair:5
    Orc (2/2) D:11            Elf (3/3) Orc:2        Vaults (5/5) D:13
  Crypt (0/3) Vaults:3     Depths (0/4) D:15          Sewer (visited)
  IceCv (visited)         Volcano (visited)

Altars:
Ashenzari
Cheibriados
Dithmenos
Elyvilon
Fedhas
Gozag
Hepliaklqana
Makhleb
Nemelex Xobeh
Okawaru
Qazlal
Ru
Trog
Uskayaw
Wu Jian
Xom
Yredelemnul
Zin
The Shining One
Jiyva

Shops:
D:1 (?[   D:8 ***   Orc:2 !*[:   Elf:2 *!   Snake:4 =   Vaults:2 (*!
Vaults:4 =

Portals:
Abyss: Snake:2
Pandemonium: Orc:2
Trove: Vaults:3 (give +6 demon blade)

Annotations:
Elf:2 3 runed translucent doors


Innate Abilities, Weirdness & Mutations

You are immune to sickness and miasma.
You are immune to poison.
Your flesh is very heat resistant. (rF++)
You are vulnerable to cold. (rC-)
You float through the air rather than walking.
You learn spells naturally, not from books.
Your magical power is your life essence.
You have superior vitality. (+4 MHP)


Message History

* * * LOW HITPOINT WARNING * * *
Casting: Plasma Beam (mildly dangerous; 1% risk of failure)
Confirm with . or Enter, or press ? or * to list all spells.
Casting: Plasma Beam (mildly dangerous; 1% risk of failure)
Press: ? - help, Dir - look around, f - activate The bolt of lightning hits the stone giant!!!
You kill the stone giant!
* * * LOW HITPOINT WARNING * * *
Casting: Plasma Beam (mildly dangerous; 1% risk of failure)
Confirm with . or Enter, or press ? or * to list all spells.
Casting: Plasma Beam (mildly dangerous; 1% risk of failure)
Press: ? - help, Dir - look around, f - activate The bolt of lightning hits the vault warden!
You kill the vault warden!
The bolt of lightning hits the hell knight!!
You kill the hell knight!
* * * LOW HITPOINT WARNING * * *
You hear a shout! x2
The stone giant throws a large rock.
The large rock completely misses you.
Casting: Plasma Beam (mildly dangerous; 1% risk of failure)
Confirm with . or Enter, or press ? or * to list all spells.
Casting: Plasma Beam (mildly dangerous; 1% risk of failure)
Press: ? - help, Dir - look around, f - activate The bolt of lightning hits the deep elf annihilator!!!
The deep elf annihilator is heavily wounded.
The fiery plasma hits the deep elf annihilator!!!
You kill the deep elf annihilator!
* * * LOW HITPOINT WARNING * * *
Casting: Plasma Beam (mildly dangerous; 1% risk of failure)
Confirm with . or Enter, or press ? or * to list all spells.
Casting: Plasma Beam (mildly dangerous; 1% risk of failure)
Press: ? - help, Dir - look around, f - activate The bolt of lightning hits the stone giant!
The stone giant is severely wounded.
The fiery plasma hits the stone giant.
The stone giant is severely wounded.
* * * LOW HITPOINT WARNING * * *
The stone giant throws a large rock.
The large rock hits you!!!
You die...
Your body glows with a rainbow of weird colours and disappears.

.........
.......
......
#....#
#....#
#...$#
#..^.#
#..@.#
#....#
#....#
#..).#
#....#
#..C.#
#....#
#.$((#
#....#


You could see a stone giant.

Vanquished Creatures
  Saint Roka (Vaults:4)
  Vashnia (Snake:2)
  2 tentacled monstrosities
  Rupert (D:14)
  A deep elf blademaster (Elf:3)
  2 deep elf master archers (Elf:3)
  A quicksilver dragon (Snake:4)
  A sphinx (Vaults:4)
  2 shadow dragons
  Kirke (D:15)
  2 thorn hunters (Swamp:4)
  Donald (Swamp:3)
  9 nagarajas
  A fire giant (D:15)
  Aizul (Snake:4)
  5 frost giants
  5 deep elf sorcerers (Elf:3)
  Louise (D:14)
  A balrug (Orc:1)
  8 vault wardens
  4 deep elf elementalists (Elf:3)
  A cacodemon (Snake:2)
  15 ironbound preservers
  4 stone giants
  7 ironbound thunderhulks
  2 very ugly things (Vaults:4)
  A formless jellyfish (Vaults:1)
  4 deep elf demonologists (Elf:3)
  5 deep elf death magi
  4 eleionomae
  The ghost of san475 the Severer, a journeyman MiBe of Trog (Lair:3)
  7 deep elf annihilators
  3 bunyips
  A white draconian (IceCv)
  A war gargoyle (Vaults:5)
  A red draconian (Volcano)
  13 dire elephants
  6 yaktaur captains
  The ghost of jfitz the Thaumaturge, a journeyman OnCA of Ignis (D:10)
  A shambling mangrove (Swamp:3)
  An entropy weaver (Vaults:1)
  3 great orbs of eyes
  5 deep elf high priests
  34 vault guards
  9 alligators
  4 salamander tyrants (Snake:4)
  Harold (Lair:2)
  7 ice dragons
  9 anacondas
  2 peacekeepers
  22 hydras
  16 ironbound frosthearts
  2 boulder beetles (D:14)
  3 catoblepae
  6 death yaks (Lair:5)
  2 demonspawn (Orc:2)
  4 centaur warriors
  16 dancing weapons
  A death knight (D:15)
  6 two-headed ogres
  Urug (D:10)
  An occultist (Snake:2)
  10 orc high priests
  15 naga warriors
  3 spriggans
  A spriggan berserker (Swamp:4)
  10 naga sharpshooters
  3 hell knights (Vaults:5)
  8 shock serpents
  8 deep elf knights
  6 salamander mystics
  2 skysharks (Lair:5)
  5 skeletal warriors
  42 deep trolls
  8 mana vipers
  6 spriggan druids
  19 swamp dragons
  A swamp dragon (shapeshifter) (Elf:3)
  5 arcanists
  An orange crystal statue (IceCv)
  15 lindwurms
  6 naga ritualists
  13 ironbound convokers
  13 deep elf archers
  5 bog bodies
  5 necromancers
  A steelbarb worm (shapeshifter) (Vaults:1)
  8 orc knights
  Pikel (D:5)
  23 deep elf pyromancers
  3 phantasmal warriors
  28 deep elf zephyrmancers
  5 will-o-the-wisps
  25 ugly things
  7 orc sorcerers
  24 salamanders
  5 cyclopes
  A sphinx simulacrum (Vaults:4)
  An iron dragon skeleton (Vaults:4)
  2 starcursed masses (Snake:2)
  6 large abominations (Elf:1)
  12 guardian serpents
  3 meliai (D:14)
  13 vault sentinels
  A manticore (D:11)
  A rust devil (Orc:2)
  11 elephants
  5 molten gargoyles (Volcano)
  A kobold blastminer (Orc:1)
  31 black mambas
  A torpor snail (Lair:4)
  21 naga magi
  2 gargoyles (Volcano)
  A water nymph (shapeshifter) (Vaults:4)
  An unseen horror (D:13)
  A black mamba (shapeshifter) (Elf:1)
  A smoke demon (Orc:2)
  A cane toad (shapeshifter) (D:14)
  18 cane toads
  5 komodo dragons
  A human zombie (Vaults:4)
  13 rime drakes
  A yaktaur skeleton (Vaults:5)
  An ice devil (Orc:2)
  A freezing wraith (D:14)
  20 yaktaurs
  6 trolls
  2 efreet
  A tengu conjurer (D:15)
  A troll (shapeshifter) (D:11)
  A tarantella (Vaults:1)
  6 hornets
  9 polar bears (IceCv)
  6 tyrant leeches
  19 blink frogs
  Grinder (D:6)
  16 dream sheep
  17 slime creatures
  A stone giant simulacrum (Vaults:4)
  2 jumping spiders (Vaults:1)
  4 air elementals
  A jumping spider (shapeshifter) (Elf:1)
  2 wyverns
  2 shadows
  3 wraiths
  7 water elementals
  2 vampires
  6 fire elementals
  4 hogs (D:15)
  30 yaks
  A warg (Orc:1)
  6 basilisks
  A redback simulacrum (D:15)
  19 vampire mosquitoes
  16 swamp worms
  17 water moccasins
  2 acid dragons
  45 nagas
  34 orc warriors
  16 swamp drakes
  2 black bears
  An ettin simulacrum (Vaults:5)
  3 ice beasts
  A human skeleton (Vaults:5)
  5 ogres
  5 centaurs
  19 wolves
  2 phantoms
  3 lemures (D:5)
  2 kobold brigands
  An elf zombie (Elf:1)
  3 earth elementals
  20 bullfrogs
  A glowing shapeshifter simulacrum (Vaults:5)
  4 gnoll sergeants
  2 scorpions
  18 wights
  8 killer bees
  2 howler monkeys
  6 electric eels
  2 bombardier beetles
  3 jellies
  33 orc priests
  2 hounds
  2 gnoll boudas
  Crazy Yiuf (D:5)
  3 iguanas
  3 sleepcaps (D:6)
  26 orc wizards
  A bullfrog simulacrum (D:6)
  2 centaur simulacra
  The ghost of DeathSocks the Sneak, a weakling VSDe (D:5)
  Robin (D:4)
  31 gnolls
  11 adders
  3 river rats (Sewer)
  2 shadow imps
  2 white imps
  2 ribbon worms
  2 dart slugs
  89 orcs
  2 bats
  7 endoplasms
  3 giant cockroaches
  22 goblins
  9 hobgoblins
  2 jackals (D:1)
  6 quokkas
  15 ball pythons
  2 frilled lizards
  15 kobolds
  27 rats
1547 creatures vanquished.

Vanquished Creatures (collateral kills)
  A tentacled starspawn (Snake:2)
  The ghost of avis the Spry, a journeyman FeSu of Gozag (Snake:2)
  A deep elf annihilator (Elf:3)
  A dancing weapon (Elf:3)
  2 thrashing horrors (Snake:2)
  The ghost of xnavy the Cleaver, a novice HOCA of Beogh (D:6)
  A deep elf archer (Elf:3)
  An air elemental (Elf:3)
  An earth elemental (Elf:3)
  A killer bee (D:8)
  A water moccasin simulacrum (D:6)
  An orc priest (D:8)
  A bullfrog simulacrum (D:6)
  A howler monkey simulacrum (D:6)
  An orc (D:8)
16 creatures vanquished.

Vanquished Creatures (others)
  An apocalypse crab (Snake:2)
  2 starspawn tentacles (Snake:2)
3 creatures vanquished.

Grand Total: 1566 creatures vanquished

Notes
Turn   | Place    | Note
-------+----------+-------------------------------------------
     0 | D:1      | cforsyth the Djinni Alchemist began the quest for the Orb.
     0 | D:1      | cforsyth set off with the following spells memorised:
                  | Sting, Mercury Vapours, Mephitic Cloud, Olgreb's Toxic
                  | Radiance, Sticky Flame.
     0 | D:1      | Reached XP level 1. HP: 15/15 MP: 0/0
    47 | D:1      | Found Yviotups's Magic Scroll Boutique.
    69 | D:1      | Found Cugiucej's Armour Shoppe.
   133 | D:1      | Found Piot's Antique Weapon Shop.
   151 | D:1      | Reached XP level 2. HP: 18/21 MP: 0/0
   480 | D:1      | Reached XP level 3. HP: 22/25 MP: 0/0
   480 | D:1      | Learned a level 1 spell: Freeze
   993 | D:2      | Reached XP level 4. HP: 18/31 MP: 0/0
   997 | D:2      | Reached XP level 5. HP: 15/35 MP: 0/0
   997 | D:2      | Learned a level 2 spell: Call Imp
  1288 | D:2      | Found a faded altar of an unknown god.
  1494 | D:2      | Found a hide-covered altar of Uskayaw.
  1980 | D:3      | Reached XP level 6. HP: 35/40 MP: 0/0
  2608 | D:4      | Found a bloodstained altar of Trog.
  2635 | D:4      | Found a hazy altar of Hepliaklqana.
  2670 | D:4      | Found a glowing drain.
  2731 | D:4      | Found a staircase to the Ecumenical Temple.
  2735 | Sewer    | Entered a sewer
  3223 | Sewer    | Reached XP level 7. HP: 40/46 MP: 0/0
  3223 | Sewer    | Learned a level 3 spell: Passwall
  3228 | Sewer    | Reached skill level 1 in Fighting
  3232 | Sewer    | HP: 2/47 [bullfrog (8)]
  3487 | D:4      | Noticed Robin
  3512 | D:4      | Killed Robin
  3610 | Temple   | Entered the Ecumenical Temple
  3616 | Temple   | Became a worshipper of Nemelex Xobeh the Trickster
  3638 | D:4      | Reached skill level 5 in Spellcasting
  3638 | D:4      | Reached skill level 5 in Conjurations
  3638 | D:4      | Reached skill level 5 in Hexes
  3638 | D:4      | Reached skill level 5 in Summonings
  3638 | D:4      | Reached skill level 5 in Necromancy
  3638 | D:4      | Reached skill level 5 in Translocations
  3638 | D:4      | Reached skill level 5 in Fire Magic
  3638 | D:4      | Reached skill level 5 in Ice Magic
  3638 | D:4      | Reached skill level 5 in Air Magic
  3638 | D:4      | Reached skill level 5 in Earth Magic
  3638 | D:4      | Reached skill level 5 in Alchemy
  4142 | D:4      | Reached XP level 8. HP: 35/55 MP: 0/0
  4743 | D:5      | Entered Level 5 of the Dungeon
  4776 | D:5      | Reached * piety under Nemelex Xobeh
  5602 | D:5      | Noticed Pikel
  5635 | D:5      | Killed Pikel
  5636 | D:5      | Reached XP level 9. HP: 41/63 MP: 0/0
  5636 | D:5      | Learned a level 3 spell: Fugue of the Fallen
  5751 | D:5      | Found a runed translucent door.
  5752 | D:5      | Noticed Crazy Yiuf
  5796 | D:5      | Received a gift from Nemelex Xobeh
  5797 | D:5      | Found a runed translucent gate.
  5797 | D:5      | Found a runed translucent gate.
  5799 | D:5      | Found a runed translucent gate.
  5800 | D:5      | Noticed DeathSocks's ghost (weakling VSDe)
  5929 | D:5      | Killed Crazy Yiuf
  6023 | D:6      | Found a runed translucent gate.
  6262 | D:6      | Reached skill level 5 in Fighting
  6734 | D:6      | Noticed Grinder
  6743 | D:6      | Killed Grinder
  6983 | D:6      | Found a runed translucent gate.
  7146 | D:6      | Noticed xnavy's ghost (novice HOCA)
  7245 | D:6      | Found a runed translucent gate.
  7592 | D:7      | Reached XP level 10. HP: 43/72 MP: 0/0
  8122 | D:7      | Reached ** piety under Nemelex Xobeh
  8648 | D:8      | Found a staircase to the Lair.
  8682 | D:8      | Found a blossoming altar of Fedhas.
  8704 | D:8      | Found Nuhahumi's Assorted Antiques.
  8714 | D:8      | Bought a scroll labelled YTUVOR CUPSEG for 24 gold pieces
  8913 | D:8      | Noticed a purple ugly thing
  8913 | D:8      | Noticed a white ugly thing
  9049 | D:8      | Found Obeq's General Store.
  9402 | D:8      | Found a shadowy altar of Dithmenos.
  9510 | D:8      | Noticed a skeletal warrior
  9510 | D:8      | Noticed a deep elf pyromancer
  9525 | D:8      | Noticed a centaur warrior
  9595 | D:8      | Found Imepioti's Assorted Antiques.
  9601 | D:8      | Bought a scroll labelled DOS CUMUMI for 24 gold pieces
  9601 | D:8      | Bought a golden potion for 21 gold pieces
  9601 | D:8      | Bought a golden potion for 21 gold pieces
  9642 | D:8      | Received a gift from Nemelex Xobeh
  9664 | D:8      | Identified the +2 robe "Vapry" {rF++ Int+7}
  9913 | D:1      | Bought a scroll of identify for 20 gold pieces
  9913 | D:1      | Bought a scroll of identify for 20 gold pieces
  9913 | D:1      | Bought a scroll of teleportation for 30 gold pieces
  9913 | D:1      | Bought a scroll of blinking for 75 gold pieces
  9913 | D:1      | Bought a scroll of revelation for 75 gold pieces
 10058 | D:8      | Bought a golden potion for 21 gold pieces
 10058 | D:8      | Bought a golden potion for 21 gold pieces
 10123 | D:5      | Killed DeathSocks's ghost
 10240 | D:6      | Killed xnavy's ghost
 10241 | D:6      | Reached skill level 1 in Shields
 11076 | D:9      | Reached XP level 11. HP: 66/81 MP: 0/0
 11076 | D:9      | Learned a level 5 spell: Arcjolt
 11141 | D:9      | Reached skill level 10 in Spellcasting
 11141 | D:9      | Reached skill level 10 in Conjurations
 11141 | D:9      | Reached skill level 10 in Hexes
 11141 | D:9      | Reached skill level 10 in Summonings
 11141 | D:9      | Reached skill level 10 in Necromancy
 11141 | D:9      | Reached skill level 10 in Translocations
 11141 | D:9      | Reached skill level 10 in Fire Magic
 11141 | D:9      | Reached skill level 10 in Ice Magic
 11141 | D:9      | Reached skill level 10 in Air Magic
 11141 | D:9      | Reached skill level 10 in Earth Magic
 11141 | D:9      | Reached skill level 10 in Alchemy
 11333 | D:9      | Received a gift from Nemelex Xobeh
 11333 | D:9      | Reached *** piety under Nemelex Xobeh
 11467 | D:9      | Identified the +0 leather armour "Zuepsud" {Slay+3}
 11535 | D:9      | Noticed a two-headed ogre
 11547 | D:9      | Killed a two-headed ogre
 11616 | D:10     | Entered Level 10 of the Dungeon
 12118 | D:10     | Identified the +7 spear "Gaamum" {venom, *Slow rElec Str+8
                  | Int-5}
 12250 | D:10     | Noticed Urug
 12262 | D:10     | Killed Urug
 12263 | D:10     | Reached skill level 5 in Shields
 12392 | D:10     | Received a gift from Nemelex Xobeh
 12418 | D:10     | Found a runed translucent gate.
 12419 | D:10     | Noticed a 12-headed hydra
 12420 | D:10     | Found a runed translucent gate.
 12420 | D:10     | Found a runed translucent gate.
 12420 | D:10     | Noticed a nine-headed hydra
 12421 | D:10     | Noticed jfitz's ghost (journeyman OnCA)
 13328 | D:11     | Received a gift from Nemelex Xobeh
 13682 | D:11     | Reached **** piety under Nemelex Xobeh
 13692 | D:11     | Found a staircase to the Orcish Mines.
 13702 | D:11     | Noticed a manticore
 13706 | D:11     | Killed a manticore
 13707 | D:11     | Reached XP level 12. HP: 48/91 MP: 0/0
 13901 | D:12     | Identified 2 scrolls of acquirement
 13901 | D:12     | Acquired the +1 pair of gloves of Usmann {rElec}
 13908 | D:12     | Acquired the amulet "Him Mao" {+Blink Regen+ Str+7}
 14184 | D:12     | Received a gift from Nemelex Xobeh
 14232 | D:12     | Reached skill level 10 in Fighting
 15073 | D:13     | Received a gift from Nemelex Xobeh
 15191 | D:13     | Noticed a two-headed ogre
 15191 | D:13     | Noticed an arcanist
 15193 | D:13     | Noticed a two-headed ogre
 15197 | D:13     | Killed a two-headed ogre
 15200 | D:13     | Killed an arcanist
 15202 | D:13     | Killed a two-headed ogre
 15202 | D:13     | Noticed a two-headed ogre
 15205 | D:13     | Noticed a two-headed ogre
 15209 | D:13     | Killed a two-headed ogre
 15218 | D:13     | Killed a two-headed ogre
 15223 | D:13     | Found a gate to the Vaults.
 15793 | Lair:1   | Entered Level 1 of the Lair of Beasts
 15793 | Lair:1   | Reached ***** piety under Nemelex Xobeh
 15850 | Lair:1   | Reached XP level 13. HP: 61/99 MP: 0/0
 15850 | Lair:1   | Learned a level 5 spell: Metabolic Englaciation
 16041 | Lair:1   | Received a gift from Nemelex Xobeh
 16674 | Lair:1   | Noticed a catoblepas
 16681 | Lair:1   | Killed a catoblepas
 16721 | Lair:2   | Noticed Harold
 16730 | Lair:2   | Killed Harold
 16799 | Lair:2   | Received a gift from Nemelex Xobeh
 17149 | Lair:2   | Found a shimmering altar of Xom.
 17283 | Lair:2   | Received a gift from Nemelex Xobeh
 17298 | Lair:2   | Found a staircase to the Snake Pit.
 17974 | Lair:3   | Found a staircase to the Swamp.
 17983 | Lair:3   | Found a dark tunnel.
 17992 | Volcano  | Entered a volcano
 18012 | Volcano  | Reached skill level 10 in Shields
 18110 | Volcano  | Noticed a red draconian
 18120 | Volcano  | Killed a red draconian
 18159 | Volcano  | Reached skill level 5 in Dodging
 18675 | Volcano  | Noticed an orb of fire
 18675 | Volcano  | Noticed an orb of fire
 18910 | Lair:3   | Reached XP level 14. HP: 108/108 MP: 0/0
 18960 | Lair:3   | Received a gift from Nemelex Xobeh
 19103 | Lair:3   | Found a runed translucent door.
 19103 | Lair:3   | Noticed san475's ghost (journeyman MiBe)
 19612 | Lair:4   | Reached ****** piety under Nemelex Xobeh
 19725 | Lair:4   | Received a gift from Nemelex Xobeh
 20013 | Lair:4   | Identified the +4 scimitar "Qalibb" {heavy, ^Fragile rPois
                  | rC+++ Int-4}
 20055 | Lair:4   | Received a gift from Nemelex Xobeh
 20388 | Lair:4   | Received a gift from Nemelex Xobeh
 20603 | Lair:5   | Entered Level 5 of the Lair of Beasts
 20882 | Lair:5   | Found a staircase to the Slime Pits.
 20884 | Lair:5   | Found a viscous altar of Jiyva.
 21024 | Lair:5   | Reached XP level 15. HP: 90/117 MP: 0/0
 21024 | Lair:5   | Learned a level 6 spell: Plasma Beam
 21074 | Lair:5   | Received a gift from Nemelex Xobeh
 21467 | Lair:5   | Received a gift from Nemelex Xobeh
 21573 | Lair:5   | Reached skill level 10 in Dodging
 22019 | Orc:1    | Entered Level 1 of the Orcish Mines
 22118 | Orc:1    | Received a gift from Nemelex Xobeh
 22188 | Orc:1    | Found a runed translucent door.
 22191 | Orc:1    | Noticed a balrug
 22203 | Orc:1    | Killed a balrug
 22311 | Orc:2    | Entered Level 2 of the Orcish Mines
 23106 | Orc:1    | Received a gift from Nemelex Xobeh
 23221 | Orc:2    | Found Medowuk's Distillery.
 23236 | Orc:2    | Reached skill level 1 in Invocations
 23319 | Orc:2    | Found Appofui's General Store.
 23422 | Orc:2    | Bought 2 potions of brilliance for 136 gold pieces
 23422 | Orc:2    | Bought a potion of haste for 170 gold pieces
 23422 | Orc:2    | Bought a potion of ambrosia for 136 gold pieces
 23451 | Orc:2    | Found a staircase to the Elven Halls.
 23454 | Orc:2    | Received a gift from Nemelex Xobeh
 23631 | Orc:2    | Reached skill level 15 in Fighting
 23747 | Orc:2    | Paralysed by an orc sorcerer for 5 turns
 23755 | Orc:2    | Reached XP level 16. HP: 94/126 MP: 0/0
 23827 | Orc:2    | Found Ecvuynec's Book Boutique.
 23827 | Orc:2    | Found Juir's Antique Armour Shop.
 23828 | Orc:2    | Found a one-way gate leading to the halls of Pandemonium.
 23832 | Orc:2    | Bought a distressingly furry robe for 171 gold pieces
 23832 | Orc:2    | Identified the +0 robe "Exelud" {+Blink rPois Will+ Dex+3}
                  | (You bought it in a shop on level 2 of the Orcish Mines)
 24140 | D:10     | Killed jfitz's ghost
 24175 | D:10     | Identified the +3 scimitar "Moupomaa" {drain, *Slow rElec
                  | Int+8}
 24413 | Lair:3   | Killed san475's ghost
 24769 | D:14     | Noticed Rupert
 24771 | D:14     | Killed Rupert
 24899 | D:14     | Noticed Louise
 24904 | D:14     | Killed Louise
 24932 | D:14     | Received a gift from Nemelex Xobeh
 25188 | D:15     | Entered Level 15 of the Dungeon
 25232 | D:15     | Identified the +5 ring mail "Xootiazo" {rElec}
 25338 | D:15     | Found a staircase to the Depths.
 25338 | D:15     | Noticed a fire giant
 25341 | D:15     | Killed a fire giant
 25382 | D:15     | Reached skill level 5 in Invocations
 25469 | D:15     | Received a gift from Nemelex Xobeh
 25662 | D:15     | Noticed Kirke
 25958 | D:15     | Received a gift from Nemelex Xobeh
 26031 | D:15     | Killed Kirke
 26423 | Snake:1  | Entered Level 1 of the Snake Pit
 26848 | Snake:1  | Found a transporter.
 26864 | Snake:1  | Reached XP level 17. HP: 86/133 MP: 0/0
 26864 | Snake:1  | Learned a level 6 spell: Starburst
 26946 | Snake:1  | Found a hide-covered altar of Uskayaw.
 27076 | Snake:1  | Found a transporter.
 27122 | Snake:1  | Found a transporter.
 27134 | Snake:1  | Identified the +7 scale mail of the Accordion {rF+}
 27152 | Snake:1  | Found a transporter.
 27155 | Snake:1  | Found a transporter.
 27203 | Snake:1  | Found a transporter.
 27461 | Snake:2  | Found a glacial archway.
 27479 | IceCv    | Entered an ice cave
 27667 | IceCv    | Received a gift from Nemelex Xobeh
 27774 | IceCv    | Reached skill level 15 in Ice Magic
 27839 | IceCv    | Reached skill level 15 in Spellcasting
 27839 | IceCv    | Reached skill level 15 in Conjurations
 27839 | IceCv    | Reached skill level 15 in Hexes
 27839 | IceCv    | Reached skill level 15 in Summonings
 27839 | IceCv    | Reached skill level 15 in Necromancy
 27839 | IceCv    | Reached skill level 15 in Translocations
 27839 | IceCv    | Reached skill level 15 in Fire Magic
 27839 | IceCv    | Reached skill level 15 in Air Magic
 27839 | IceCv    | Reached skill level 15 in Earth Magic
 27839 | IceCv    | Reached skill level 15 in Alchemy
 28206 | Snake:2  | Found a transporter.
 28206 | Snake:2  | Noticed Vashnia
 28211 | Snake:2  | Killed Vashnia
 28410 | Snake:2  | Noticed avis's ghost (journeyman FeSu)
 28468 | Snake:2  | Found a one-way gate to the infinite horrors of the Abyss.
 28522 | Snake:2  | Found a transporter.
 28524 | Snake:2  | Received a gift from Nemelex Xobeh
 28701 | Snake:2  | Reached XP level 18. HP: 131/141 MP: 0/0
 29146 | Snake:2  | Killed avis's ghost
 29172 | Snake:2  | Identified the +2 hat of Juown {Will+ Str-5 Int+6 Slay-4}
 29645 | Snake:3  | Received a gift from Nemelex Xobeh
 30037 | Snake:3  | Received a gift from Nemelex Xobeh
 30381 | Snake:4  | Entered Level 4 of the Snake Pit
 30390 | Snake:4  | Identified the serpent talisman of Boiling Hail {Int+7}
 30390 | Snake:4  | Noticed Aizul
 30393 | Snake:4  | Killed Aizul
 30476 | Snake:4  | Reached skill level 10 in Invocations
 30478 | Snake:4  | HP: 7/143 [salamander tyrant (26)]
 31234 | Snake:4  | Reached skill level 15 in Dodging
 31395 | Snake:4  | Reached XP level 19. HP: 85/149 MP: 0/0
 31395 | Snake:4  | Learned a level 6 spell: Eringya's Noxious Bog
 31741 | Snake:4  | Received a gift from Nemelex Xobeh
 31971 | Snake:4  | Found Ceite's One-of-a-Kind Rings.
 32215 | Snake:4  | Got a serpentine rune of Zot
 32350 | Swamp:1  | Entered Level 1 of the Swamp
 32925 | Swamp:2  | Noticed a tentacled monstrosity
 32929 | Swamp:2  | Killed a tentacled monstrosity
 33306 | Swamp:2  | Received a gift from Nemelex Xobeh
 33851 | Swamp:3  | Noticed Donald
 33852 | Swamp:3  | Killed Donald
 33957 | Swamp:3  | Found the +2 hat of the Bear Spirit {Spirit, Bear, *Rage
                  | Will++}
 34467 | Swamp:3  | Received a gift from Nemelex Xobeh
 34664 | Swamp:3  | Received a gift from Nemelex Xobeh
 34934 | Swamp:4  | Entered Level 4 of the Swamp
 35315 | Swamp:4  | Reached XP level 20. HP: 121/158 MP: 0/0
 35889 | Swamp:4  | Got a decaying rune of Zot
 36269 | Vaults:1 | Entered Level 1 of the Vaults
 36368 | Vaults:1 | Received a gift from Nemelex Xobeh
 36665 | Vaults:1 | Received a gift from Nemelex Xobeh
 37491 | Vaults:1 | Received a gift from Nemelex Xobeh
 37890 | Vaults:1 | Received a gift from Nemelex Xobeh
 38356 | Vaults:2 | Reached XP level 21. HP: 130/167 MP: 0/0
 38356 | Vaults:2 | Learned a level 7 spell: Enfeeble
 38393 | Vaults:2 | Found Yhaawn's Distillery.
 38786 | Vaults:2 | Received a gift from Nemelex Xobeh
 39033 | Vaults:2 | Found Talis's General Store.
 39175 | Vaults:2 | Found Poumej's Antique Weapon Shoppe.
 39179 | Vaults:2 | Received a gift from Nemelex Xobeh
 39560 | Vaults:3 | You are sucked into a shaft and drop 1 floor!
 39707 | Vaults:4 | Found Yboveyri's Jewellery Shoppe.
 39848 | Vaults:3 | Received a gift from Nemelex Xobeh
 40004 | Vaults:3 | Received a gift from Nemelex Xobeh
 40247 | Vaults:3 | Identified the +6 sling of the Tundras {freeze, rPois
                  | Stlth+}
 40266 | Vaults:3 | Received a gift from Nemelex Xobeh
 40338 | Vaults:3 | Found a portal to a secret trove of treasure.
 40465 | Vaults:3 | Found a staircase to the Crypt.
 40466 | Vaults:3 | Found a basalt altar of Yredelemnul.
 40919 | Vaults:4 | Reached XP level 22. HP: 113/176 MP: 0/0
 41062 | Vaults:4 | Received a gift from Nemelex Xobeh
 41121 | Vaults:4 | Noticed Saint Roka
 41126 | Vaults:4 | Killed Saint Roka
 41433 | Vaults:4 | Received a gift from Nemelex Xobeh
 42058 | Elf:1    | Entered Level 1 of the Elven Halls
 42634 | Elf:1    | Found a shimmering altar of Xom.
 42743 | Elf:1    | Received a gift from Nemelex Xobeh
 42831 | Elf:1    | Paralysed by an air elemental for 1 turns
 42865 | Elf:1    | Identified the +1 trident "Keimoce" {venom, *Slow rElec rF+
                  | Str+3}
 43749 | Elf:2    | Received a gift from Nemelex Xobeh
 43857 | Elf:2    | Found Paroacki's Distillery.
 43857 | Elf:2    | Found Geref's Assorted Antiques.
 43874 | Elf:2    | Bought a potion of heal wounds for 75 gold pieces
 44033 | Elf:2    | Identified the +3 war axe of Vanity {flame, Int+3 Dex+4}
 44392 | Elf:2    | Received a gift from Nemelex Xobeh
 45239 | Elf:2    | Found a runed translucent gate.
 45240 | Elf:2    | Found a runed translucent gate.
 45240 | Elf:2    | Found a runed translucent gate.
 45279 | Elf:3    | Entered Level 3 of the Elven Halls
 46254 | Elf:3    | Reached XP level 23. HP: 85/178 MP: 0/0
 46254 | Elf:3    | Learned a level 7 spell: Monstrous Menagerie
 46378 | Elf:3    | Identified the staff "Koewul" {rC+ rN+ Conj}
 46592 | Elf:3    | Identified the +9 great sword "Beetlebane" {venom, *Rage
                  | rPois Will+ Int+2}
 46826 | Elf:3    | Received a gift from Nemelex Xobeh
 47187 | Elf:3    | Identified the +8 halberd of the Aged Nightingales {freeze,
                  | rCorr Dex+2}
 47230 | Elf:3    | Identified the +6 ice dragon scales "Tookhlil" {rF- rC++
                  | Will+ Int+3}
 47890 | Vaults:5 | Entered Level 5 of the Vaults
 48687 | Vaults:5 | Hit by a large rock thrown by a stone giant

Illustrated notes

Levels and vault maps discovered:
D:1:      pf_arrival_petrified_forest, layout_basic, serial_shops, shop, shop,
          nicolae_shop_just_a_little_nook, minmay_split_cup_large
D:2:      layout_basic, shapermc_ecumenical_altar_mp_urbaneastern, basic_altar
D:3:      layout_loops_ring
D:4:      layout_gridville, nzn_hepliaklqana_mist_gate, trog_book,
          minmay_temple_entry_purple_smoke, cheibrodos_sewer_entry_drain,
          uniq_robin
D:5:      layout_loops_ring, ebering_ghost_rock_garden, uniq_pikel,
          uniq_crazy_yiuf_cottage
D:6:      layout_cave_pods, gammafunk_ghost_icy, kennysheep_cross_room,
          grunt_ministairs_2, kennysheep_generic_room_12, uniq_grinder
D:7:      black_bear_nest_1, layout_basic
D:8:      layout_layer_cave, fedhas_altar_2, kennysheep_mini, dpeg_oklobed_lair,
          serial_shops, nicolae_diamond_shop, nicolae_shop_just_a_little_nook,
          shop, minivault_12
D:9:      layout_loops_ring, grunt_ministairs_5
D:10:     layout_loops_ring, gammafunk_ghost_hydra_chop, minivault_22, uniq_urug
D:11:     layout_gridville, orc_0_dummy
D:12:     layout_basic, serial_bayou_lagoon_a
D:13:     layout_loops_cross, david_vaults_1, nicolae_benzene_ring
D:14:     layout_basic, uniq_rupert, uniq_louise
D:15:     grunt_enter_depths_giant_problem, layout_loops_corners,
          serial_park_tiny_pond, uniq_kirke
Temple:   nicolae_temple_no_exploring_needed
Lair:1:   layout_concentric_octagons, grunt_megastairs_3,
          infiniplex_staircase_pool_2, lemuel_fruit_fields
Lair:2:   layout_layer_cave, minmay_snake_entry_guardpost_small, basic_altar,
          serial_bayou_crossing, uniq_harold
Lair:3:   layout_chaotic_city, mainiacjoe_swamp_entry_lozenge_pond,
          nicolae_volcano_entry_two_sided, gammafunk_ghost_grave
Lair:4:   layout_regular_city, lemuel_fruit_tree
Lair:5:   minmay_lair_end_frog_pond, layout_gridlike, slime_entry_1,
          grunt_forest_stairs_basic
Swamp:1:  layout_basic_swamp, evilmike_swamp_ruin_house_6, swamp_pool_1_2
Swamp:2:  layout_basic_swamp, hangedman_swamp_ruin_wall,
          nicolae_swamp_some_circles, swamp_pool_3, st_swamp_mini
Swamp:3:  layout_falls_marsh, serial_swamp_ruin, evilmike_swamp_ruin_rubble_1,
          evilmike_swamp_ruin_house_4, evilmike_swamp_ruin_house_1,
          infiniplex_staircase_pool, nicolae_swamp_tree_isthmus, uniq_donald
Swamp:4:  swamp_basic_johnstein, layout_basic_swamp,
          nicolae_swamp_decorative_isthmus
Snake:1:  layout_rooms, basic_altar, serial_nicolae_subway,
          nicolae_sub_station_metal, nicolae_sub_station_stone,
          nicolae_sub_station_crystal
Snake:2:  layout_misc_corridors, basic_altar, portal_ice_cave_entry_dragon,
          gammafunk_ghost_abyssal_escape, uniq_vashnia
Snake:3:  layout_cave_town, evilmike_ambush [evilmike_ambush_outer_corners,
          evilmike_ambush_inner_basic]
Snake:4:  hellmonk_snake_rune_quicksilver_temple, layout_onion_interference,
          nicolae_shop_unique_rings, uniq_aizul
Orc:1:    dreamdust_dug_too_deep, layout_diamond_mine, nicolae_orc_lost_temple
Orc:2:    pf_orc_diabolical, layout_caves, basic_altar, minmay_orc_temple_a
Elf:1:    elf_arrival_002, layout_gridlike, basic_altar, minmay_elf_necromancy,
          grunt_megastairs_1
Elf:2:    nicolae_elf_blades_crystal_corner, layout_gridlike, minmay_shoptagon
Elf:3:    minmay_elf_hall_curves, layout_onion_city, small_statue_intersection
Vaults:1: nicolae_vaults_closet_pinwheel_6, hangedman_vaults_river_flow,
          v_rooms_4, vaults_dpeg_spiral, nicolae_vaults_tetromino_T_1,
          ontoclasm_vaults_decontamination, nicolae_vaults_closet_pinwheel_4,
          vaults_mumra_chevron, nicolae_vaults_surprise_closet_hard,
          layout_vaults_omnigrid
Vaults:2: nicolae_vaults_shrinking_rooms_1,
          nicolae_vaults_offset_grid_hallway_1,
          nicolae_vaults_security_offices_4, grunt_vaults_focal,
          nicolae_vaults_hallways_thing, nicolae_vaults_house_1,
          nicolae_vaults_double_plus_1, v_alt_pattern_4, vaults_mumra_hexcomb,
          ontoclasm_vaults_twist, v_misc_15, v_misc_22, hangedman_vaults_locks,
          grunt_vaults_funnel, nicolae_vaults_offset_grid_hallway_1,
          nicolae_vaults_trapezoid_2, layout_vaults_omnibox, serial_shops,
          shop_fountains, nicolae_shop_crystal, nicolae_shop_tiny_statue_garden
Vaults:3: nicolae_vaults_theta, vaults_room_large_hall, v_misc_18,
          nicolae_vaults_house_3, minmay_crypt_entry_necro_gods,
          nicolae_vaults_little_ls, nicolae_vaults_little_squares_5,
          ontoclasm_vaults_ring_small, nicolae_vaults_surprise_closet_hard,
          nicolae_vaults_double_plus_2, layout_vaults_big_room, enter_trove_5,
          serial_glass
Vaults:4: nicolae_vaults_network_s, v_misc_19, v_misc_31,
          nicolae_vaults_tetromino_T_1, v_misc_19, ontoclasm_vaults_fault,
          dpeg_vaults_monster_row, vaults_dpeg_cross,
          nicolae_vaults_storage_room_statues, nicolae_vaults_border_crossing,
          nicolae_vaults_big_angled_halls, vaults_room_grunt_arrival_checkpoint,
          layout_vaults_maze_snakey, serial_shops, shop, uniq_saint_roka
Vaults:5

Skill      XL: |  1  2  3  4  5  6  7  8  9 10 11 12 13 14 15 16 17 18 19 20 21 22 23 |
---------------+----------------------------------------------------------------------+-----
Stealth        | 2 3 |  3.6
Dodging        | 3 4 5 8 11 12 13 15 16 17 19 20 21 | 21.2
Spellcasting   | 4 5 7 8 9 10 11 12 13 14 15 16 17 18 19 | 19.1
Conjurations   | 4 5 7 8 9 10 11 12 13 14 15 16 17 18 19 | 19.1
Hexes          | 4 5 7 8 9 10 11 12 13 14 15 16 17 18 19 | 19.1
Summonings     | 4 5 7 8 9 10 11 12 13 14 15 16 17 18 19 | 19.1
Necromancy     | 4 5 7 8 9 10 11 12 13 14 15 16 17 18 19 | 19.1
Translocations | 4 5 7 8 9 10 11 12 13 14 15 16 17 18 19 | 19.1
Fire Magic     | 4 5 7 8 9 10 11 12 13 14 15 16 17 18 19 | 19.1
Ice Magic      | 4 5 7 8 9 10 11 12 13 14 15 16 17 19 20 21 22 | 22.3
Air Magic      | 4 5 7 8 9 10 11 12 13 14 15 16 17 18 19 | 19.1
Earth Magic    | 4 5 7 8 9 10 11 12 13 14 15 16 17 18 19 | 19.1
Alchemy        | 4 5 7 8 9 10 11 12 13 14 15 16 17 18 19 | 19.1
Fighting       | 2 4 6 8 9 11 12 14 15 16 17 18 19 20 21 22 | 22.2
Shields        | 2 6 8 10 | 10.0
Invocations    | 3 6 8 10 | 10.0

Action                     |  1- 3 |  4- 6 |  7- 9 | 10-12 | 13-15 | 16-18 | 19-21 | 22-24 || total
---------------------------+-------+-------+-------+-------+-------+-------+-------+-------++-------
  Melee: Unarmed           |       |     2 |       |     9 |       |       |       |       ||    11
         Scimitar          |       |       |       |       |     5 |     5 |     2 |    30 ||    42
   Cast: Sting             |    57 |   165 |   273 |   175 |   154 |       |     9 |       ||   833
         Mephitic Cloud    |     1 |     5 |    20 |    42 |    50 |     9 |     4 |     4 ||   135
         Sticky Flame      |       |       |    19 |   105 |    32 |    19 |     3 |     2 ||   180
         Olgreb's Toxic Ra |       |       |     9 |    38 |   101 |    12 |       |     8 ||   168
         Call Imp          |       |       |     1 |     4 |     8 |     3 |       |     2 ||    18
         Arcjolt           |       |       |       |     6 |   140 |    51 |     5 |    13 ||   215
         Metabolic Englaci |       |       |       |       |     9 |     2 |       |     1 ||    12
         Freeze            |       |       |       |       |    10 |       |       |    10 ||    20
         Plasma Beam       |       |       |       |       |   108 |   358 |   526 |   328 ||  1320
         Mercury Vapours   |       |       |       |       |     1 |       |       |       ||     1
         Starburst         |       |       |       |       |       |     3 |       |    55 ||    58
         Enfeeble          |       |       |       |       |       |       |       |    19 ||    19
         Fugue of the Fall |       |       |       |       |       |       |       |     1 ||     1
         Eringya's Noxious |       |       |       |       |       |       |       |     1 ||     1
         Monstrous Menager |       |       |       |       |       |       |       |     5 ||     5
 Invoke: Draw Summoning    |       |       |       |       |       |     1 |       |     2 ||     3
         Stack Five        |       |       |       |       |       |       |     1 |       ||     1
         Draw Escape       |       |       |       |       |       |       |       |     1 ||     1
  Evoke: Wand              |       |       |       |       |     3 |       |     1 |       ||     4
    Use: Scroll            |       |    10 |     4 |    12 |     9 |     4 |       |     4 ||    43
         Potion            |       |       |     1 |       |       |     1 |       |     4 ||     6
 Armour: Robe              |     3 |    31 |    66 |    94 |   135 |   114 |    44 |   138 ||   625
  Dodge: Dodged            |     5 |    27 |    88 |    73 |   103 |    86 |    28 |   138 ||   548
  Block: Kite shield       |       |       |       |       |       |    76 |    19 |   105 ||   200
         Reflection        |       |       |       |       |       |       |     4 |    16 ||    20

Table legend: (Time is in decaauts)
 A = Elapsed time spent in this place.
 B = Non-inter-level travel time spent in this place.
 C = Inter-level travel time spent in this place.
 D = Time resting spent in this place.
 E = Time spent auto-exploring this place.
 F = Levels seen in this place.
 G = Mean time per level.
                   A        B        C        D        E       F      G
               +--------+--------+--------+--------+--------+-----+--------+
         Total |  48793 |  44979 |   3814 |   5929 |  31549 |  42 | 1161.7 |
       Dungeon |  17538 |  15768 |   1770 |    118 |  13255 |  15 | 1169.2 |
        Temple |    140 |    140 |      0 |    121 |      0 |   1 |  140.0 |
          Lair |   6313 |   5522 |    791 |    381 |   4158 |   5 | 1262.6 |
         Swamp |   3288 |   3081 |    207 |    877 |   1796 |   4 |  822.0 |
     Snake Pit |   4923 |   4696 |    227 |   1111 |   2568 |   4 | 1230.8 |
  Orcish Mines |   2389 |   2158 |    231 |    289 |   1432 |   2 | 1194.5 |
   Elven Halls |   5408 |   5212 |    196 |   1371 |   2869 |   3 | 1802.7 |
        Vaults |   6584 |   6193 |    391 |   1252 |   4202 |   5 | 1316.8 |
         Sewer |    702 |    702 |      0 |      0 |    589 |   1 |  702.0 |
      Ice Cave |    709 |    709 |      0 |     49 |    433 |   1 |  709.0 |
       Volcano |    796 |    796 |      0 |    360 |    246 |   1 |  796.0 |
               +--------+--------+--------+--------+--------+-----+--------+

Top non-repeatable levels by time:
   Elf:3: 2239 daAuts
Vaults:4: 2046 daAuts
Vaults:1: 1920 daAuts
 Snake:3: 1859 daAuts
     D:6: 1778 daAuts
     D:8: 1739 daAuts
   Orc:2: 1681 daAuts
   Elf:1: 1641 daAuts
  Lair:2: 1596 daAuts
Vaults:2: 1536 daAuts
   Elf:2: 1527 daAuts
     D:4: 1405 daAuts
    D:10: 1382 daAuts
     D:5: 1342 daAuts
 Snake:2: 1339 daAuts
